Workbook

Sheet Instructions
B1: Wyoming Senior Services Board
B2: c/o Wyoming Department of Health, Aging Division, Community Living Section
B3: Basic and Formula Quarterly Report
B4: Grant period: July 1st to June 30th annually
B6: This report is completed by the subrecipient entity and submitted at the end of each quarter of the project priod. Quarter 1 (July 1 - September 30) - Reports are due by October 15th; Quarter 2 (October 1 - December 31) - Reports are due by January 15th; Quarter 3 (January 1 - March 31) - Reports are due April 15th; Quarter 4 (April 1 - June 30) - Reports are due July 15th. Each quarter the subrecipient must submit a signed quarterly form, and supporting profit and loss details via the Submittable platform.
B8: On the QTR 1 Tab: 1.Sbubrecipeints will enter their organization's name in the yellow box in row 6 next to "Name of Applicant Organization." This information will be auto-populated in the QTR 2, QTR 3, and QTR 4 tabs. 2. Subrecipeint will enter their approved budget amounts for both Basic and Formula grants in the "Budget Total" column. This information needs to match the approved budget, by category, that the subrecipient completed in Submittable. This information will be auto-populated in the QTR 2, QTR 3, and QTR 4 tabs. 3. In row 22, the subrecipient will enter the total Formula grant amount approved for their organization in the current grant year. This information will be auto-populated in the QTR 2, QTR 3, and QTR 4 tabs. 4. Subrecipent will enter the total expense that were reimbursed in the first quarter for both Basic and Formula grants in the "1st QTR Expenses" column. This information will be auto-populated in the QTR 2, QTR 3, and QTR 4 tabs.
B11: On the QTR 2 Tab: 1.Subrecipent will enter the total expense that were reimbursed in the second quarter for both Basic and Formula grants in the "1st QTR Expenses" column. This information will be auto-populated in the QTR 3, and QTR 4 tabs.
B13: On the QTR 3 Tab: 1.Subrecipent will enter the total expense that were reimbursed in the third quarter for both Basic and Formula grants in the "1st QTR Expenses" column. This information will be auto-populated in the QTR 4 tab.
B15: On the QTR 4 Tab: 1.Subrecipent will enter the total expense that were reimbursed in the fourth quarter for both Basic and Formula grants in the "1st QTR Expenses" column. This information will be auto-populated in the QTR 4 tab.

Sheet QTR 1
A1: Wyoming Senior Services Board
A2: c/o Wyoming Department of Health, Aging Division, Community Living Section
A3: Basic & Formula Grant Expenditures Report Form
A4: due by the 15th day of the month following the end of the quarter
A6: Name of Applicant Organization:
A8: Period covered by this report: | T8: SFY2027 | AG8: 7/1 - 9/30 | AQ8: 10/1 - 12/31 | BD8: 1/1 - 3/31 | BN8: 4/1 - 6/30
A10: Signature of Project Director: | BD10: Date:
A11: Signature of Board Chair: | BD11: Date:
A13: Budget Category | K13: Budget Total | T13: 1st Qtr Expenses | AC13: 2nd Qtr Expenses | AL13: 3rd Qtr Expenses | AU13: 4th Qtr Expenses | BD13: YTD Expenses | BM13: Amount Remaining
A14: Basic Grant | BH14: Grant Amount: | BI14: 30000
A15: Personnel | K15: 0 | BD15: =SUM(T15:BC15) -> 0 | BM15: =K15-BD15 -> 0
A16: Travel | K16: 0 | BD16: =SUM(T16) -> 0 | BM16: =K16-BD16 -> 0
A17: Equipment | K17: 0 | BD17: =SUM(T17:BC17) -> 0 | BM17: =K17-BD17 -> 0
A18: Consumable Supplies | K18: 0 | BD18: =SUM(T18:BC18) -> 0 | BM18: =K18-BD18 -> 0
A19: Other Expenses | K19: 0 | BD19: =SUM(T19:BC19) -> 0 | BM19: =K19-BD19 -> 0
A20: TOTAL | K20: =SUM(K15:K19) -> 0 | T20: =SUM(T15:T19) -> 0 | AC20: =SUM(AC15:AC19) -> 0 | AL20: =SUM(AL15:AL19) -> 0 | AU20: =SUM(AU15:AU19) -> 0 | BD20: =SUM(BD15:BD19) -> 0 | BM20: =SUM(BM15:BM19) -> 0
A22: Formula Grant | BH22: Grant Amount:
A23: Personnel | K23: 0 | BD23: =SUM(T23:BC23) -> 0 | BM23: =K23-BD23 -> 0
A24: Travel | K24: 0 | BD24: =SUM(T24:BC24) -> 0 | BM24: =K24-BD24 -> 0
A25: Equipment | K25: 0 | BD25: =SUM(T25:BC25) -> 0 | BM25: =K25-BD25 -> 0
A26: Consumable Supplies | K26: 0 | BD26: =SUM(T26:BC26) -> 0 | BM26: =K26-BD26 -> 0
A27: Other Expenses | K27: 0 | BD27: =SUM(T27:BC27) -> 0 | BM27: =K27-BD27 -> 0
A28: TOTAL | K28: =SUM(K23:K27) -> 0 | T28: =SUM(T23:T27) -> 0 | AC28: =SUM(AC23:AC27) -> 0 | AL28: =SUM(AL23:AL27) -> 0 | AU28: =SUM(AU23:AU27) -> 0 | BD28: =SUM(BD23:BD27) -> 0 | BM28: =SUM(BM23:BM27) -> 0
BD29: TOTAL WSSB FUNDS SPENT
BD31: =SUM(BD20,BD28) -> 0

Sheet QTR 2
A1: Wyoming Senior Services Board
A2: ='QTR 1'!A2:BU2 -> c/o Wyoming Department of Health, Aging Division, Community Living Section
A3: Basic & Formula Grant Expenditures Report Form
A4: due by the 15th day of the month following the end of the quarter
A6: Name of Applicant Organization: | T6: ='QTR 1'!T6 -> 0
A8: Period covered by this report: | T8: ='QTR 1'!T8:AD8 -> SFY2027 | AG8: 7/1 - 9/30 | AQ8: 10/1 - 12/31 | BD8: 1/1 - 3/31 | BN8: 4/1 - 6/30
A10: Signature of Project Director: | BD10: Date:
A11: Signature of Board Chair: | BD11: Date:
A13: Budget Category | K13: Budget | T13: 1st Qtr Expenses | AC13: 2nd Qtr Expenses | AL13: 3rd Qtr Expenses | AU13: 4th Qtr Expenses | BD13: YTD Expenses | BM13: Amount Remaining
A14: Basic Grant | BH14: Grant Amount: | BI14: ='QTR 1'!BI14 -> 30000
A15: Personnel | K15: ='QTR 1'!K15 -> 0 | T15: ='QTR 1'!T15 -> 0 | BD15: =SUM(T15:BC15) -> 0 | BM15: =K15-BD15 -> 0
A16: Travel | K16: ='QTR 1'!K16 -> 0 | T16: ='QTR 1'!T16 -> 0 | BD16: =SUM(T16:BC16) -> 0 | BM16: =K16-BD16 -> 0
A17: Equipment | K17: ='QTR 1'!K17 -> 0 | T17: ='QTR 1'!T17 -> 0 | BD17: =SUM(T17:BC17) -> 0 | BM17: =K17-BD17 -> 0
A18: Consumable Supplies | K18: ='QTR 1'!K18 -> 0 | T18: ='QTR 1'!T18 -> 0 | BD18: =SUM(T18:BC18) -> 0 | BM18: =K18-BD18 -> 0
A19: Other Expenses | K19: ='QTR 1'!K19 -> 0 | T19: ='QTR 1'!T19 -> 0 | BD19: =SUM(T19:BC19) -> 0 | BM19: =K19-BD19 -> 0
A20: TOTAL | K20: =SUM(K15:K19) -> 0 | T20: =SUM(T15:T19) -> 0 | AC20: =SUM(AC15:AC19) -> 0 | AL20: =SUM(AL15:AL19) -> 0 | AU20: =SUM(AU15:AU19) -> 0 | BD20: =SUM(BD15:BD19) -> 0 | BM20: =SUM(BM15:BM19) -> 0
A22: Formula Grant | BH22: Grant Amount: | BI22: ='QTR 1'!BI22 -> 0
A23: Personnel | K23: ='QTR 1'!K23 -> 0 | T23: ='QTR 1'!T23 -> 0 | BD23: =SUM(T23:BC23) -> 0 | BM23: =K23-BD23 -> 0
A24: Travel | K24: ='QTR 1'!K24 -> 0 | T24: ='QTR 1'!T24 -> 0 | BD24: =SUM(T24:BC24) -> 0 | BM24: =K24-BD24 -> 0
A25: Equipment | K25: ='QTR 1'!K25 -> 0 | T25: ='QTR 1'!T25 -> 0 | BD25: =SUM(T25:BC25) -> 0 | BM25: =K25-BD25 -> 0
A26: Consumable Supplies | K26: ='QTR 1'!K26 -> 0 | T26: ='QTR 1'!T26 -> 0 | BD26: =SUM(T26:BC26) -> 0 | BM26: =K26-BD26 -> 0
A27: Other Expenses | K27: ='QTR 1'!K27 -> 0 | T27: ='QTR 1'!T27 -> 0 | BD27: =SUM(T27:BC27) -> 0 | BM27: =K27-BD27 -> 0
A28: TOTAL | K28: =SUM(K23:K27) -> 0 | T28: =SUM(T23:T27) -> 0 | AC28: =SUM(AC23:AC27) -> 0 | AL28: =SUM(AL23:AL27) -> 0 | AU28: =SUM(AU23:AU27) -> 0 | BD28: =SUM(BD23:BD27) -> 0 | BM28: =SUM(BM23:BM27) -> 0
BD29: TOTAL WSSB FUNDS SPENT
BD31: =SUM(BD20,BD28) -> 0

Sheet QTR 3
A1: Wyoming Senior Services Board
A2: ='QTR 1'!A2:BU2 -> c/o Wyoming Department of Health, Aging Division, Community Living Section
A3: Basic & Formula Grant Expenditures Report Form
A4: due by the 15th day of the month following the end of the quarter
A6: Name of Applicant Organization:
A8: Period covered by this report: | T8: ='QTR 1'!T8:AD8 -> SFY2027 | AG8: 7/1 - 9/30 | AQ8: 10/1 - 12/31 | BD8: 1/1 - 3/31 | BN8: 4/1 - 6/30
A10: Signature of Project Director: | BD10: Date:
A11: Signature of Board Chair: | BD11: Date: | BK11: 43156
A13: Budget Category | K13: Budget | T13: 1st Qtr Expenses | AC13: 2nd Qtr Expenses | AL13: 3rd Qtr Expenses | AU13: 4th Qtr Expenses | BD13: YTD Expenses | BM13: Amount Remaining
A14: Basic Grant | BH14: Grant Amount: | BI14: ='QTR 2'!BI14 -> 30000
A15: Personnel | K15: ='QTR 2'!K15 -> 0 | T15: ='QTR 1'!T15 -> 0 | AC15: ='QTR 2'!AC15 -> 0 | BD15: =SUM(T15:BC15) -> 0 | BM15: =K15-BD15 -> 0
A16: Travel | K16: ='QTR 2'!K16 -> 0 | T16: ='QTR 1'!T16 -> 0 | AC16: ='QTR 2'!AC16 -> 0 | BD16: =SUM(T16:BC16) -> 0 | BM16: =K16-BD16 -> 0
A17: Equipment | K17: ='QTR 2'!K17 -> 0 | T17: ='QTR 1'!T17 -> 0 | AC17: ='QTR 2'!AC17 -> 0 | BD17: =SUM(T17:BC17) -> 0 | BM17: =K17-BD17 -> 0
A18: Consumable Supplies | K18: ='QTR 2'!K18 -> 0 | T18: ='QTR 1'!T18 -> 0 | AC18: ='QTR 2'!AC18 -> 0 | BD18: =SUM(T18:BC18) -> 0 | BM18: =K18-BD18 -> 0
A19: Other Expenses | K19: ='QTR 2'!K19 -> 0 | T19: ='QTR 1'!T19 -> 0 | AC19: ='QTR 2'!AC19 -> 0 | BD19: =SUM(T19:BC19) -> 0 | BM19: =K19-BD19 -> 0
A20: TOTAL | K20: =SUM(K15:K19) -> 0 | T20: =SUM(T15:T19) -> 0 | AC20: =SUM(AC15:AC19) -> 0 | AL20: =SUM(AL15:AL19) -> 0 | AU20: =SUM(AU15:AU19) -> 0 | BD20: =SUM(BD15:BD19) -> 0 | BM20: =SUM(BM15:BM19) -> 0
A22: Formula Grant | BH22: Grant Amount: | BI22: ='QTR 2'!BI22 -> 0
A23: Personnel | K23: ='QTR 2'!K23 -> 0 | T23: ='QTR 1'!T23 -> 0 | AC23: ='QTR 2'!AC23 -> 0 | BD23: =SUM(T23:BC23) -> 0 | BM23: =K23-BD23 -> 0
A24: Travel | K24: ='QTR 2'!K24 -> 0 | T24: ='QTR 1'!T24 -> 0 | AC24: ='QTR 2'!AC24 -> 0 | BD24: =SUM(T24:BC24) -> 0 | BM24: =K24-BD24 -> 0
A25: Equipment | K25: ='QTR 2'!K25 -> 0 | T25: ='QTR 1'!T25 -> 0 | AC25: ='QTR 2'!AC25 -> 0 | BD25: =SUM(T25:BC25) -> 0 | BM25: =K25-BD25 -> 0
A26: Consumable Supplies | K26: ='QTR 2'!K26 -> 0 | T26: ='QTR 1'!T26 -> 0 | AC26: ='QTR 2'!AC26 -> 0 | BD26: =SUM(T26:BC26) -> 0 | BM26: =K26-BD26 -> 0
A27: Other Expenses | K27: ='QTR 2'!K27 -> 0 | T27: ='QTR 1'!T27 -> 0 | AC27: ='QTR 2'!AC27 -> 0 | BD27: =SUM(T27:BC27) -> 0 | BM27: =K27-BD27 -> 0
A28: TOTAL | K28: =SUM(K23:K27) -> 0 | T28: =SUM(T23:T27) -> 0 | AC28: =SUM(AC23:AC27) -> 0 | AL28: =SUM(AL23:AL27) -> 0 | AU28: =SUM(AU23:AU27) -> 0 | BD28: =SUM(BD23:BD27) -> 0 | BM28: =SUM(BM23:BM27) -> 0
BD29: TOTAL WSSB FUNDS SPENT
BD31: =SUM(BD20,BD28) -> 0

Sheet QTR 4
A1: Wyoming Senior Services Board
A2: ='QTR 1'!A2:BU2 -> c/o Wyoming Department of Health, Aging Division, Community Living Section
A3: Basic & Formula Grant Expenditures Report Form
A4: due by the 15th day of the month following the end of the quarter
A6: Name of Applicant Organization:
A8: Period covered by this report: | T8: ='QTR 1'!T8:AD8 -> SFY2027 | AG8: 7/1 - 9/30 | AQ8: 10/1 - 12/31 | BD8: 1/1 - 3/31 | BN8: 4/1 - 6/30
A10: Signature of Project Director: | BD10: Date:
A11: Signature of Board Chair: | BD11: Date:
A13: Budget Category | K13: Budget | T13: 1st Qtr Expenses | AC13: 2nd Qtr Expenses | AL13: 3rd Qtr Expenses | AU13: 4th Qtr Expenses | BD13: YTD Expenses | BM13: Amount Remaining
A14: Basic Grant | BH14: Grant Amount: | BI14: ='QTR 2'!BI14 -> 30000
A15: Personnel | K15: ='QTR 2'!K15 -> 0 | T15: ='QTR 1'!T15 -> 0 | AC15: ='QTR 2'!AC15 -> 0 | AL15: ='QTR 3'!AL15 -> 0 | BD15: =SUM(T15:BC15) -> 0 | BM15: =K15-BD15 -> 0
A16: Travel | K16: ='QTR 2'!K16 -> 0 | T16: ='QTR 1'!T16 -> 0 | AC16: ='QTR 2'!AC16 -> 0 | AL16: ='QTR 3'!AL16 -> 0 | BD16: =SUM(T16:BC16) -> 0 | BM16: =K16-BD16 -> 0
A17: Equipment | K17: ='QTR 2'!K17 -> 0 | T17: ='QTR 1'!T17 -> 0 | AC17: ='QTR 2'!AC17 -> 0 | AL17: ='QTR 3'!AL17 -> 0 | BD17: =SUM(T17:BC17) -> 0 | BM17: =K17-BD17 -> 0
A18: Consumable Supplies | K18: ='QTR 2'!K18 -> 0 | T18: ='QTR 1'!T18 -> 0 | AC18: ='QTR 2'!AC18 -> 0 | AL18: ='QTR 3'!AL18 -> 0 | BD18: =SUM(T18:BC18) -> 0 | BM18: =K18-BD18 -> 0
A19: Other Expenses | K19: ='QTR 2'!K19 -> 0 | T19: ='QTR 1'!T19 -> 0 | AC19: ='QTR 2'!AC19 -> 0 | AL19: ='QTR 3'!AL19 -> 0 | BD19: =SUM(T19:BC19) -> 0 | BM19: =K19-BD19 -> 0
A20: TOTAL | K20: =SUM(K15:K19) -> 0 | T20: =SUM(T15:T19) -> 0 | AC20: =SUM(AC15:AC19) -> 0 | AL20: =SUM(AL15:AL19) -> 0 | AU20: =SUM(AU15:AU19) -> 0 | BD20: =SUM(BD15:BD19) -> 0 | BM20: =SUM(BM15:BM19) -> 0
A22: Formula Grant | BH22: Grant Amount: | BI22: ='QTR 2'!BI22 -> 0
A23: Personnel | K23: ='QTR 2'!K23 -> 0 | T23: ='QTR 1'!T23 -> 0 | AC23: ='QTR 2'!AC23 -> 0 | AL23: ='QTR 3'!AL23 -> 0 | BD23: =SUM(T23:BC23) -> 0 | BM23: =K23-BD23 -> 0
A24: Travel | K24: ='QTR 2'!K24 -> 0 | T24: ='QTR 1'!T24 -> 0 | AC24: ='QTR 2'!AC24 -> 0 | AL24: ='QTR 3'!AL24 -> 0 | BD24: =SUM(T24:BC24) -> 0 | BM24: =K24-BD24 -> 0
A25: Equipment | K25: ='QTR 2'!K25 -> 0 | T25: ='QTR 1'!T25 -> 0 | AC25: ='QTR 2'!AC25 -> 0 | AL25: ='QTR 3'!AL25 -> 0 | BD25: =SUM(T25:BC25) -> 0 | BM25: =K25-BD25 -> 0
A26: Consumable Supplies | K26: ='QTR 2'!K26 -> 0 | T26: ='QTR 1'!T26 -> 0 | AC26: ='QTR 2'!AC26 -> 0 | AL26: ='QTR 3'!AL26 -> 0 | BD26: =SUM(T26:BC26) -> 0 | BM26: =K26-BD26 -> 0
A27: Other Expenses | K27: ='QTR 2'!K27 -> 0 | T27: ='QTR 1'!T27 -> 0 | AC27: ='QTR 2'!AC27 -> 0 | AL27: ='QTR 3'!AL27 -> 0 | BD27: =SUM(T27:BC27) -> 0 | BM27: =K27-BD27 -> 0
A28: TOTAL | K28: =SUM(K23:K27) -> 0 | T28: =SUM(T23:T27) -> 0 | AC28: =SUM(AC23:AC27) -> 0 | AL28: =SUM(AL23:AL27) -> 0 | AU28: =SUM(AU23:AU27) -> 0 | BD28: =SUM(BD23:BD27) -> 0 | BM28: =SUM(BM23:BM27) -> 0
BD29: TOTAL WSSB FUNDS SPENT
BD31: =SUM(BD20,BD28) -> 0
